AoeStats
← Khirs

Arena

505272468Analyzed
4v4 RM · 24d ago on Sep 8, 2026· 50m 27s· 8 players
Game mode
Random Map
Map size
Large (8 player)
Population
200
Speed
Normal
Resources
Standard
Victory
Conquest
Starting age
Dark Age
Ending age
Imperial Age
RankedLock teamsTeams togetherTeam positionsShared explorationLock speedFull tech treeHidden civsTurbo modeCheats
Victory
Defeat
🇬🇧 Saracens · United Kingdom
881
+17
🇹🇷 Poles · Türkiye
876
+17
🇦🇷 Japanese · Argentina
870
+17
🇻🇳 Slavs · Vietnam
860
+18
🇮🇪 Italians · Ireland
906
-18
🇪🇸 Ethiopians · Spain
896
-17
🇹🇷 Mongols · Türkiye
895
-17
🇱🇧 Byzantines · Lebanon
893
-17
xinhdep15
0:30 Loom
11:25 Feudal Age
17:30 Castle Age
17:29 Double-Bit Axe
17:44 Gold Mining
17:38 Horse Collar
23:27 Bow Saw
25:43 Wheelbarrow
25:42 Stone Mining
31:54 Imperial Age
29:34 Scale Mail Armor
29:50 Forging
31:47 Iron Casting
31:18 Scale Barding Armor
31:39 Heavy Plow
32:25 Gold Shaft Mining
31:57 Husbandry
32:07 Bloodlines
32:48 Elite Boyar
34:36 Blast Furnace
34:40 Hand Cart
35:01 Chain Barding Armor
45:46 Conscription
45:54 Conscription
Admar
0:29 Loom
13:55 Feudal Age
18:46 Castle Age
16:36 Double-Bit Axe
18:56 Gold Mining
20:26 Wheelbarrow
21:06 Bow Saw
21:05 Stone Mining
30:42 Gambesons
30:57 Squires
30:43 Arson
30:21 Pikeman
30:21 Man-at-Arms
31:49 Gold Shaft Mining
31:40 Hand Cart
31:27 Town Watch
34:36 Imperial Age
31:58 Horse Collar
34:32 Heavy Plow
34:55 Forging
34:45 Scale Mail Armor
34:56 Long Swordsman
35:08 Capped Ram
36:43 Heavy Scorpion
38:31 Chemistry
37:01 Two-Handed Swordsman
37:01 Halberdier
38:21 Champion
38:46 Treadmill Crane
39:12 Siege Engineers
39:18 Town Patrol
41:17 Conscription
41:23 Kataparuto
40:24 Elite Samurai
44:42 Chain Mail Armor
45:03 Iron Casting
44:34 Scale Barding Armor
46:48 Plate Mail Armor
49:18 Masonry
49:18 Fortified Wall
50:13 Blast Furnace
algebra- TR
1:13 Loom
11:22 Feudal Age
12:15 Double-Bit Axe
12:47 Horse Collar
18:54 Castle Age
18:28 Stone Mining
18:33 Gold Mining
21:17 Bow Saw
21:19 Heavy Plow
27:10 Wheelbarrow
26:22 Town Watch
31:24 Imperial Age
31:31 Imperial Age
29:50 Stone Shaft Mining
29:34 Hand Cart
29:42 Town Patrol
31:40 Forging
31:30 Scale Mail Armor
32:34 Ballistics
32:29 Masonry
32:03 Treadmill Crane
32:20 Murder Holes
32:40 Fortified Wall
32:42 Siege Engineers
33:38 Chemistry
33:14 Conscription
34:40 Hoardings
34:43 Elite Obuch
35:44 Chain Mail Armor
36:05 Iron Casting
43:24 Blast Furnace
42:55 Plate Mail Armor
Asturon
10:57 Feudal Age
11:41 Double-Bit Axe
11:40 Horse Collar
17:42 Gold Mining
17:42 Loom
20:13 Castle Age
20:37 Stone Mining
21:41 Bow Saw
21:33 Heavy Plow
22:58 Wheelbarrow
29:02 Imperial Age
28:32 Gold Shaft Mining
30:15 Hand Cart
31:19 Two-Man Saw
31:05 Town Watch
31:42 Husbandry
31:53 Bloodlines
32:28 Forging
32:24 Scale Barding Armor
32:48 Conscription
32:41 Elite Mameluke
34:33 Iron Casting
37:35 Blast Furnace
36:56 Chain Barding Armor
42:00 Plate Barding Armor
40:51 Light Cavalry
42:00 Hussar
wayneod
9:49 Feudal Age
8:08 Loom
10:19 Double-Bit Axe
10:24 Horse Collar
14:03 Gold Mining
19:43 Castle Age
18:58 Fletching
19:59 Pikeman
21:07 Town Watch
21:42 Bow Saw
21:41 Heavy Plow
22:46 Stone Mining
25:11 Wheelbarrow
25:12 Squires
32:37 Imperial Age
30:39 Thumb Ring
32:45 Bodkin Arrow
34:51 Two-Man Saw
35:00 Scale Mail Armor
35:11 Forging
35:02 Bracer
40:42 Chemistry
40:06 Hand Cart
40:51 Iron Casting
41:30 Chain Mail Armor
42:15 Conscription
43:44 Padded Archer Armor
Khirs
0:34 Loom
12:57 Feudal Age
13:46 Double-Bit Axe
13:45 Horse Collar
20:58 Castle Age
19:09 Stone Mining
19:45 Gold Mining
22:19 Forging
22:42 Bow Saw
23:46 Fletching
24:17 Heavy Plow
26:03 Scale Mail Armor
27:50 Bodkin Arrow
30:37 Man-at-Arms
34:04 Arson
35:18 Wheelbarrow
36:14 Chain Mail Armor
36:44 Hand Cart
38:27 Ballistics
41:34 Imperial Age
41:35 Royal Heirs
41:55 Scale Barding Armor
41:46 Halberdier
42:38 Murder Holes
42:54 Masonry
43:38 Plate Mail Armor
45:06 Chain Barding Armor
45:51 Conscription
48:26 Iron Casting
48:55 Architecture
50:51 Torsion Engines
zabreyski
12:04 Feudal Age
18:13 Castle Age
16:29 Double-Bit Axe
16:38 Stone Mining
17:44 Wheelbarrow
20:25 Bow Saw
23:47 Pikeman
24:48 Crossbowman
27:03 Gold Mining
28:55 Hand Cart
32:32 Imperial Age
31:09 Forging
31:04 Scale Barding Armor
31:38 Fletching
33:42 Conscription
35:46 Elite Skirmisher
38:12 Iron Casting
37:57 Chain Barding Armor
38:03 Halberdier
38:51 Bodkin Arrow
38:58 Padded Archer Armor
41:20 Plate Barding Armor
41:44 Bracer
42:00 Leather Archer Armor
42:02 Arbalester
42:48 Thumb Ring
45:00 Ring Archer Armor
yeniçeri
0:29 Loom
11:46 Feudal Age
16:01 Castle Age
14:44 Double-Bit Axe
16:11 Gold Mining
16:58 Bow Saw
17:34 Gold Shaft Mining
18:46 Wheelbarrow
18:52 Horse Collar
21:26 Stone Mining
22:45 Heavy Plow
24:43 Stone Shaft Mining
26:58 Hand Cart
26:30 Town Watch
32:08 Husbandry
34:42 Imperial Age
32:18 Town Patrol
34:00 Ballistics
33:52 Forging
34:12 Padded Archer Armor
34:03 Fletching
34:15 Scale Mail Armor
34:21 Scale Barding Armor
35:17 Masonry
36:00 Leather Archer Armor
35:35 Elite Skirmisher
37:05 Bodkin Arrow
37:45 Iron Casting
37:28 Chain Mail Armor
37:33 Chain Barding Armor
38:59 Bracer
40:02 Chemistry
39:35 Plate Mail Armor
40:05 Blast Furnace
40:57 Caravan
42:01 Onager
45:19 Fortified Wall
45:04 Murder Holes
45:20 Clinker Construction
Connection lost

Rejoining the realm…

Still unreachable

The connection could not be restored.

Session expired

The server has moved on; the page needs a fresh start.